Map: 2000 Atmospheres LE

Players

MaNa

  • Race: Protoss Protoss

DnS - Winner!

  • Race: Protoss Protoss

Event: DreamHack SC2 Masters 2021 Winter

VOD

Have the link to the VOD?

Description

Time

  • Played on: Oct. 2, 2021, 1:21 p.m.
  • Length: 7:44

All games in this series

Show
View Real Time Build Order
Export as new Build Order

MaNa Protoss 

Build Orders:  

Get SALT Encoding   

  12  0:00  Probe  
  13  0:12  Probe  
  14  0:17  Pylon  
  14  0:24  Probe (Chrono Boost)  
  15  0:36  Gateway, Probe (Chrono Boost)  
  16  0:45  Assimilator, Probe (Chrono Boost)  
  17  0:51  Probe  
  18  1:03  Probe (Chrono Boost)  
  19  1:04  Assimilator  
  19  1:09  Gateway  
  20  1:12  Probe (Chrono Boost)  
  20  1:17  Probe (Chrono Boost)  
  20  1:24  Cybernetics Core  
  21  1:29  Probe  
  22  1:36  Pylon  
  22  1:41  Probe  
  23  1:54  Probe  
  24  2:01  Stalker, Warp Gate (Chrono Boost)  
  24  2:02  Stalker  
  24  2:08  Probe  
  29  2:22  Pylon  
  29  2:23  Pylon  
  29  2:43  Nexus  
  29  2:45  Probe  
  30  2:55  Robotics Facility  
  30  2:58  Probe  
  31  3:01  Sentry  
  31  3:04  Sentry  
  35  3:09  Shield Battery  
  35  3:12  Probe  
  36  3:18  Shield Battery  
  36  3:25  Pylon  
  36  3:27  Probe  
  37  3:41  Probe  
  38  3:43  Stalker  
  38  3:44  Stalker  
  42  3:56  Immortal (Chrono Boost)  
  44  4:11  Probe x2  
  45  4:23  Probe x2  
  47  4:25  Immortal (Chrono Boost)  
  47  4:26  Sentry x2  
  55  4:31  Shield Battery  
  55  4:45  Gateway  
  55  4:47  Gateway  
  55  4:54  Warp Prism (Chrono Boost)  
  57  5:02  Adept  
  57  5:03  Adept  
  61  5:08  Pylon  
  61  5:19  Pylon  
  61  5:27  Stalker  
  61  5:28  Stalker  
  65  5:31  Probe x2  
  67  5:50  Adept x3  
  67  6:02  Immortal (Chrono Boost)  
  61  6:07  Probe x2  
  51  6:19  Probe  
  51  6:20  Probe  
  51  6:22  Stalker x4  
  59  6:31  Probe  
  59  6:32  Probe  
  55  6:38  Immortal (Chrono Boost)  
  53  6:45  Forge  
  57  6:47  Assimilator  
  57  6:48  Assimilator  
  57  6:51  Adept  
  59  6:59  Zealot x2  
  56  7:08  Immortal (Chrono Boost)  
  47  7:12  Zealot x2  
  47  7:14  Probe (Chrono Boost)  
  56  7:17  Probe (Chrono Boost)  
  54  7:26  Probe (Chrono Boost)  
  56  7:30  Probe (Chrono Boost)  
  56  7:32  Probe (Chrono Boost)  
Show
View Real Time Build Order
Export as new Build Order

DnS Protoss - Winner!

Build Orders: Oracle Opening 

Get SALT Encoding   

  12  0:00  Probe  
  13  0:12  Probe  
  14  0:17  Pylon  
  14  0:24  Probe (Chrono Boost)  
  15  0:36  Gateway  
  15  0:37  Probe (Chrono Boost)  
  16  0:44  Probe (Chrono Boost)  
  16  0:46  Assimilator  
  17  0:51  Probe  
  18  0:57  Assimilator  
  18  1:03  Probe (Chrono Boost)  
  19  1:08  Gateway  
  19  1:12  Probe (Chrono Boost)  
  19  1:17  Probe (Chrono Boost)  
  20  1:24  Cybernetics Core  
  21  1:29  Probe  
  22  1:36  Pylon  
  22  1:41  Probe  
  23  1:54  Probe  
  23  2:00  Adept  
  23  2:01  Adept, Warp Gate  
  28  2:06  Probe  
  29  2:11  Pylon  
  29  2:21  Stargate  
  29  2:27  Pylon  
  29  2:37  Stalker  
  29  2:39  Stalker  
  33  3:05  Nexus  
  33  3:10  Oracle (Chrono Boost)  
  33  3:18  Probe  
  37  3:23  Pylon  
  37  3:30  Probe  
  37  3:34  Shield Battery  
  38  3:42  Probe  
  38  3:45  Twilight Council  
  39  3:49  Oracle (Chrono Boost)  
  39  3:55  Probe  
  41  4:18  Probe (Chrono Boost)  
  41  4:19  Probe (Chrono Boost)  
  41  4:23  Blink (Chrono Boost)  
  41  4:27  Stalker  
  41  4:28  Probe x2 (Chrono Boost)  
  45  4:32  Probe (Chrono Boost)  
  45  4:33  Probe (Chrono Boost)  
  45  4:36  Stalker  
  49  4:44  Probe  
  49  4:45  Gateway, Probe  
  51  4:55  Stalker  
  51  4:56  Probe  
  51  4:57  Probe  
  55  5:02  Stalker  
  57  5:08  Probe  
  57  5:09  Probe  
  57  5:13  Shield Battery  
  59  5:15  Shield Battery  
  59  5:16  Phoenix  
  61  5:31  Pylon  
  61  5:33  Gateway  
  61  5:34  Pylon  
  61  5:52  Stalker x2  
  61  5:53  Stalker  
  67  6:03  Probe x2  
  69  6:11  Gateway  
  69  6:15  Probe  
  70  6:22  Stalker  
  70  6:23  Stalker x2  
  70  6:25  Probe  
  77  6:27  Probe  
  77  6:31  Assimilator  
  76  6:37  Probe  
  76  6:38  Robotics Facility  
  76  6:39  Nexus, Probe  
  78  6:46  Pylon  
  78  6:52  Probe x2  
  77  6:58  Stalker x2  
  78  7:07  Probe x2  
  76  7:15  Stalker x3  
  76  7:21  Probe x2  
  83  7:33  Forge  
  83  7:34  Stalker, Gateway  

Tags
 
Add a new tag
Caveats
  • Supply blocks, unpowered buildings, or Contaminate may cause inaccurate times.
  • Supply counts are checked every 10 seconds.